 Dungeon Crawl Stone Soup version 0.30-a0-394-g3e4acdb0ae (webtiles) character file.

Game seed: 6363745448976092578

3362 bande the Cleaver (level 10, -1/60 HPs)
             Began as a Gargoyle Fighter on Dec 6, 2022.
             Was a Believer of Okawaru.
             Slain by a yak (7 damage)
             ... on level 8 of the Dungeon.
             The game lasted 00:12:01 (7138 turns).

bande the Cleaver (Gargoyle Fighter)                Turns: 7138, Time: 00:12:01

Health: -1/60      AC: 33    Str: 24    XL:     10   Next: 3%
Magic:  12/12      EV:  5    Int:  9    God:    Okawaru [**....]
Gold:   490        SH:  9    Dex: 13    Spells: 9/9 levels left

rFire   . . .      SeeInvis .    a - +1 war axe (protect)
rCold   . . .      Faith    .    v - +0 kite shield
rNeg    + . .      Spirit   .    n - +5 plate armour of Gestures {Str+4}
rPois   ∞          Reflect  .    (no helmet)
rElec   +          Harm     .    (no cloak)
rCorr   +          Rampage  .    (no gloves)
Will    .....                    h - +0 pair of boots
Stlth   ..........               (no amulet)
HPRegen 0.30/turn                f - ring of resist corrosion
MPRegen 0.13/turn                o - ring of resist corrosion

@: under a protective aura
A: sickness immunity, AC +7, negative energy resistance 1, electricity
resistance, torment resistance 1, petrification resistance
a: Renounce Religion, Heroism


You were on level 8 of the Dungeon.
You worshipped Okawaru.
Okawaru was pleased with you.
You visited 2 branches of the dungeon, and saw 9 of its levels.
You also visited: Sewer.

You collected 490 gold pieces.

Inventory:

Hand Weapons
 a - a +1 war axe of protection (weapon)
 g - a +1 flail of holy wrath
Missiles
 k - a throwing net (quivered)
Armour
 h - a +0 pair of boots (worn)
 n - the +5 plate armour of Gestures (worn) {Str+4}
   (You took it off an orc on level 4 of the Dungeon)

   Str:       It affects your strength (+4).
 v - a +0 kite shield (worn)
Jewellery
 d - an amulet of magic regeneration
 f - a ring of resist corrosion (left hand)
 o - a ring of resist corrosion (right hand)
Wands
 q - a wand of polymorph (9)
 r - a wand of roots (5)
 t - a wand of paralysis (6)
Scrolls
 b - 2 scrolls of teleportation
 j - a scroll of enchant armour
 s - a scroll of silence
 u - 2 scrolls of fear
 x - a scroll of identify
Potions
 e - 2 potions of haste
 i - 2 potions of heal wounds
 l - 5 potions of flight
 m - 4 potions of curing
 p - a potion of ambrosia
 z - a potion of mutation


   Skills:
 + Level 6.2 Fighting
 + Level 8.4 Axes
 + Level 7.0 Armour
 + Level 5.7 Shields
 * Level 3.8 Invocations
 * Level 4.2 Evocations


You had 9 spell levels left.
You didn't know any spells.
Your spell library contained the following spells:

 Spells                   Type           Power      Damage    Failure   Level
 Foxfire                  Conj/Fire      0%         2x1d4     100%        1
 Ignite Poison            Fire/Tmut/Pois 0%         N/A       100%        3
 Spider Form              Tmut/Pois      0%         N/A       100%        3
 Leda's Liquefaction      Hex/Erth       0%         N/A       100%        4
 Fireball                 Conj/Fire      0%         3d3       100%        5
 Lee's Rapid Deconstruct  Erth           0%         3d4*      100%        5
 Starburst                Conj/Fire      0%         6d3       100%        6
 Call Imp                 Summ           Unusable   N/A       N/A         2
 Animate Armour           Summ/Erth      Unusable   N/A       N/A         4
 Statue Form              Tmut/Erth      Unusable   N/A       N/A         6

Dungeon Overview and Level Annotations

Branches:
Dungeon (8/15)             Temple (1/1) D:6           Sewer (visited)
   Lair: D:8-11

Altars:
Ashenzari
Cheibriados
Elyvilon
Fedhas
Hepliaklqana
Kikubaaqudgha
Makhleb
Nemelex Xobeh
Okawaru
Qazlal
Ru
Trog
Uskayaw
Vehumet
Wu Jian
Xom
Yredelemnul
Zin
The Shining One

Shops:
D:4 (   D:7 *

Annotations:
D:6 1 runed translucent door, Darkkill's ghost, novice MiHu
D:7 2 transporters, Thecursedkatanna's ghost, amateur HOFi


Innate Abilities, Weirdness & Mutations

You are immune to sickness and miasma.
Your stone body is resilient. (AC +7)
You are immune to poison.
You resist negative energy. (rN+)
You are resistant to electric shocks. (rElec)
You are resistant to unholy torment.
You are immune to petrification.


Message History

You barely miss the yak.
The yak is severely wounded.
The yak gores you but does no damage.
The gnoll sergeant hits you but does no damage.
You slash the yak!
You kill the yak!
Okawaru accepts your kill.
The gnoll sergeant hits you but does no damage.
You block the gnoll sergeant's attack. The yak gores you but does no damage.
You barely miss the yak.
The gnoll sergeant hits you but does no damage.
The yak gores you but does no damage.
You hit the yak.
The yak is lightly wounded.
The yak gores you!
* * * LOW HITPOINT WARNING * * *
The gnoll sergeant hits you but does no damage.
You slash the yak!
The yak is moderately wounded.
The yak closely misses you. You block the gnoll sergeant's attack.
You slash the yak!
The yak is heavily wounded.
The yak gores you but does no damage.
The gnoll sergeant hits you but does no damage.
The yak gores you but does no damage. You block the gnoll sergeant's attack.
You barely miss the yak.
The yak is heavily wounded.
The yak gores you but does no damage. The gnoll sergeant barely misses you.
You slash the yak!
The yak is severely wounded.
The yak gores you but does no damage.
The gnoll sergeant hits you but does no damage.
You slash the yak!
You kill the yak!
Okawaru accepts your kill. You block the gnoll sergeant's attack.
Your Armour skill increases to level 7!
You have reached level 10!
The yak attacks as you move away! The yak gores you!
You die...

#.##...#.... ....... #.
#...#.... #...... #
##........ #......
#......#.. #......
#......#.. .......
#......... ....Dgc
#...#.....
....KgK##########...>.....
#KY@............÷...
###.................
#.......##........
##.....#####....#. ###..##
###.##. #### ####. #


You could see a yak, a steam dragon, a gnoll and 3 kobolds.

Vanquished Creatures
  Grinder (D:3)
  Sigmund (D:2)
  5 yaks (D:8)
  2 steam dragons (D:8)
  A water moccasin (D:7)
  2 black bears
  2 sky beasts
  An ice beast (D:7)
  2 phantoms
  A kobold brigand (D:8)
  2 necrophages (D:5)
  2 bullfrogs
  2 scorpions
  3 electric eels (D:7)
  2 howler monkeys
  A jelly (D:5)
  3 hounds
  2 orc priests
  Natasha (D:2)
  3 iguanas
  An orc wizard (D:5)
  13 adders
  4 river rats (Sewer)
  2 white imps (D:7)
  3 worms
  8 orcs
  11 ball pythons
  4 endoplasms
  4 giant cockroaches
  4 goblins
  4 hobgoblins
  A jackal (Sewer)
  4 quokkas
  3 training dummies (D:4)
  14 bats
  6 frilled lizards
  9 kobolds
  2 rats (D:1)
136 creatures vanquished.

Vanquished Creatures (others)
  2 sky beasts (D:7)
  Natasha (D:2)
  38 plants (D:7)
41 creatures vanquished.

Grand Total: 177 creatures vanquished

Notes
Turn   | Place    | Note
-------+----------+-------------------------------------------
     0 | D:1      | bande the Gargoyle Fighter began the quest for the Orb.
     0 | D:1      | Reached XP level 1. HP: 14/14 MP: 1/1
   715 | D:1      | Reached XP level 2. HP: 19/19 MP: 2/2
  1115 | D:2      | Reached skill level 2 in Axes
  1238 | D:2      | Reached XP level 3. HP: 20/23 MP: 3/3
  1571 | D:2      | Noticed Natasha
  1586 | D:2      | Killed Natasha
  1983 | D:2      | Noticed Natasha
  1991 | D:2      | Killed Natasha
  1992 | D:2      | Reached XP level 4. HP: 29/29 MP: 4/4
  2007 | D:2      | Noticed Sigmund
  2033 | D:2      | Killed Sigmund
  2034 | D:2      | Reached skill level 4 in Axes
  2034 | D:2      | Reached XP level 5. HP: 6/33 MP: 5/5
  2034 | D:2      | Reached XP level 6. HP: 7/38 MP: 6/6
  2285 | D:3      | Noticed Grinder
  2300 | D:3      | Killed Grinder
  2467 | D:3      | Found a sacrificial altar of Ru.
  2570 | D:3      | Reached XP level 7. HP: 41/44 MP: 7/7
  2691 | D:3      | Found a white marble altar of Elyvilon.
  2692 | D:3      | Found a broken altar of Ashenzari.
  2969 | D:4      | Reached skill level 5 in Axes
  2969 | D:4      | Reached skill level 5 in Armour
  3528 | D:4      | Identified the +5 plate armour of Gestures {Str+4}
  3686 | D:4      | Found Kirruona's Firing Range.
  3827 | D:5      | Entered Level 5 of the Dungeon
  3851 | D:4      | Reached skill level 1 in Evocations
  3969 | D:5      | Found a hide-covered altar of Uskayaw.
  4074 | D:5      | Reached XP level 8. HP: 47/48 MP: 8/8
  4141 | D:5      | Reached skill level 6 in Axes
  4322 | D:6      | Got Nant's Reference Book on Invitation and Pollution
  4504 | D:6      | Found a runed translucent door.
  4505 | D:6      | Found a shimmering altar of Xom.
  4505 | D:6      | Noticed Darkkill's ghost (novice MiHu)
  4505 | D:6      | Noticed a +0 dagger of chaos
  4548 | D:6      | Reached skill level 5 in Fighting
  4778 | D:6      | Found a glowing drain.
  4787 | Sewer    | Entered a sewer
  5543 | D:6      | Found a staircase to the Ecumenical Temple.
  5552 | Temple   | Entered the Ecumenical Temple
  5579 | Temple   | Became a worshipper of Warmaster Okawaru
  5975 | D:7      | Found a bloodstained altar of Trog.
  5975 | D:7      | Noticed Thecursedkatanna's ghost (amateur HOFi)
  5975 | D:7      | Noticed a two-headed ogre
  5975 | D:7      | Noticed a moth of wrath
  6001 | D:7      | Found a transporter.
  6006 | D:7      | Found a transporter.
  6029 | D:7      | Reached skill level 7 in Axes
  6043 | D:7      | Reached skill level 1 in Invocations
  6052 | D:7      | Reached skill level 5 in Shields
  6059 | D:7      | Reached XP level 9. HP: 37/54 MP: 8/10
  6091 | D:7      | Reached * piety under Okawaru
  6427 | D:7      | Found Zin's Purification Station.
  6427 | D:7      | Found a glowing silver altar of Zin.
  7093 | D:8      | Reached ** piety under Okawaru
  7094 | D:8      | Reached skill level 8 in Axes
  7136 | D:8      | Reached XP level 10. HP: 6/60 MP: 12/12
  7138 | D:8      | Slain by a yak

Illustrated notes

Levels and vault maps discovered:
D:1:      spicycebolla_arrival_clurvy, layout_basic, minmay_misc_feat_hallway,
          chequers_decorated_corner
D:2:      layout_basic, skrybe_limestone_x, uniq_sigmund, uniq_natasha
D:3:      layout_rooms, grunt_temple_overflow_open, minivault_5, uniq_grinder
D:4:      layout_loops_ring, nicolae_zen_rock_garden, nicolae_shop_firing_range
D:5:      layout_rooms, mainiacjoe_overflow_tiny_flanked
D:6:      layout_loops_ring, minmay_temple_entry_mist, portal_sewer_entry_d,
          ebering_ghost_xom
D:7:      layout_loops_ring, zin_purify, gammafunk_ghost_wrathful_warriors,
          serial_bayou, serial_bayou_lagoon_a, serial_bayou_ford_a,
          serial_bayou_pond_b, serial_bayou_shore_b
D:8:      minmay_angry_zag, layout_cave_pools
Temple:   nicolae_temple_bog_church

Skill      XL: |  1  2  3  4  5  6  7  8  9 |
---------------+----------------------------+-----
Axes           | 2 4 5 7 8 |  8.4
Fighting       | 4 5 6 |  6.2
Armour         | 4 5 6 7 |  7.0
Shields        | 4 5 |  5.7
Evocations     | 1 3 4 |  4.2
Invocations    | 1 3 |  3.8

Action                   |  1- 3 |  4- 6 |  7- 9 | 10-12 || total
-------------------------+-------+-------+-------+-------++-------
Melee: War axe           |    81 |    63 |   469 |       ||   613
  Use: Potion            |       |     1 |       |       ||     1
       Scroll            |       |       |    18 |       ||    18
Armor: Scale mail        |    15 |       |       |       ||    15
       Chain mail        |    49 |    43 |    39 |       ||   131
       Plate armour      |       |       |   372 |       ||   372
Dodge: Dodged            |    32 |    25 |   145 |       ||   202
Block: Buckler           |    12 |    10 |   119 |       ||   141
       Kite shield       |       |       |    32 |       ||    32

Table legend: (Time is in decaauts)
 A = Elapsed time spent in this place.
 B = Non-inter-level travel time spent in this place.
 C = Inter-level travel time spent in this place.
 D = Time resting spent in this place.
 E = Time spent auto-exploring this place.
 F = Levels seen in this place.
 G = Mean time per level.
                   A        B        C        D        E       F      G
               +--------+--------+--------+--------+--------+-----+--------+
         Total |   7523 |   7395 |    128 |    496 |   5089 |  10 |  752.3 |
       Dungeon |   6564 |   6436 |    128 |    496 |   4480 |   8 |  820.5 |
        Temple |     47 |     47 |      0 |      0 |     12 |   1 |   47.0 |
         Sewer |    911 |    911 |      0 |      0 |    596 |   1 |  911.0 |
               +--------+--------+--------+--------+--------+-----+--------+

Top non-repeatable levels by time:
     D:2: 1497 daAuts
     D:6: 965 daAuts
     D:4: 963 daAuts
   Sewer: 911 daAuts
     D:7: 847 daAuts
     D:1: 791 daAuts
     D:3: 674 daAuts
     D:5: 438 daAuts
     D:8: 385 daAuts
  Temple: 47 daAuts
